[Event "Betsys MČR v online bleskovém šachu 2021"]
[Site "Chess.com"]
[Date "2021.04.17"]
[Round "7"]
[White "Daffac"]
[Black "patrikvagner"]
[Result "1-0"]
[WhiteElo "2085"]
[BlackElo "1781"]
[TimeControl "180+1"]
[EndTime "10:11:07 PDT"]
[Termination "Uživatel Daffac zvítězil matem"]

1. d4 d5 2. Nf3 Nf6 3. Bf4 Bf5 4.
e3 e6 5. c4 c6 6. Nc3 Nbd7 7.
Qb3 Qb6 8. c5 Qxb3 9. axb3 a6 10. b4 Be7 11. b5 cxb5 12. Bxb5 O-O 13. Be2 Rfc8 14. O-O Nb8 15. Ne5 Nc6 16. Nxc6 Rxc6 17. b4 Rcc8 18. b5 axb5 19. Bxb5 Ne4 20. Nxe4 Bxe4 21.
f3 Bg6 22. Kf2 f6 23. Ke2 Be8 24. Bxe8 Rxe8 25. Rfb1 Rxa1 26. Rxa1 Rc8 27. Ra7 e5 28.
Rxb7 Bxc5 29. Bxe5 fxe5 30. dxc5 Rxc5 31. Kd3 Ra5 32. Re7 e4+ 33. fxe4 dxe4+ 34. Kxe4 Ra2 35. Kf3 Kf8 36. Rb7 Ra6 37. e4 Re6 38. g4 h6 39. h4 Kg8 40. Kf4 Kh7 41. e5 Kg6 42. h5+ Kh7 43. Kf5 Re8 44. e6 Rf8+ 45. Ke5 Rf1 46.
e7 Re1+ 47. Kd6 Rd1+ 48. Ke6 Re1+ 49. Kf7 Rf1+ 50. Ke8 Re1 51. Kd8 Rd1+ 52. Rd7 Rxd7+ 53. Kxd7 g6 54. e8=Q gxh5 55. gxh5 Kg7 56. Ke7 Kh7 57. Qg6+ Kh8 58. Qxh6+ Kg8 59. Qg6+ Kh8 60. Qf6+ Kh7 61. h6 Kg8 62. Qg7# 1-0

[Event "Betsys MČR v online bleskovém šachu 2021"]
[Site "Chess.com"]
[Date "2021.04.17"]
[Round "7"]
[White "ReceptiveYoyo"]
[Black "l_pavlasek"]
[Result "1-0"]
[WhiteElo "1353"]
[BlackElo "1662"]
[TimeControl "180+1"]
[EndTime "10:11:07 PDT"]
[Termination "Uživatel ReceptiveYoyo zvítězil matem"]

1. d4 f5 2. c4 Nf6 3. e3 g6 4.
Nf3 Bg7 5. Bd3 d6 6. O-O O-O 7. Nc3 c6 8. Re1 Nbd7 9. e4 fxe4 10. Nxe4 Nxe4 11. Bxe4 Nf6 12. Bd3 e6 13. Bg5 Qd7 14.
Qe2 a6 15. b4 b5 16. c5 a5 17. a4 axb4 18. axb5 Rxa1 19. Rxa1 cxb5 20. Bxb5 Qc7 21.
cxd6 Qxd6 22. Bc4 Nd5 23. Qe4 Nc3 24. Qe3 Kh8 25. Bh6 Nd5 26. Bxg7+ Kxg7 27. Qe5+ Qxe5 28. Nxe5 Nc3 29. Ra7+ Kh8 30. Nf7+ Kg8 31. Nd6 Rd8 32. Nxc8 Rxd4 33. Bxe6+ Kf8 34. Rf7+ Ke8 35. h3 Rd1+ 36. Kh2 b3 37. Rxh7 b2 38. Rh8# 1-0

[Event "Betsys MČR v online bleskovém šachu 2021"]
[Site "Chess.com"]
[Date "2021.04.17"]
[Round "7"]
[White "honzasoucek"]
[Black "JuliliaR"]
[Result "1-0"]
[WhiteElo "1632"]
[BlackElo "1297"]
[TimeControl "180+1"]
[EndTime "10:11:07 PDT"]
[Termination "Uživatel honzasoucek zvítězil matem"]

1. e4 d5 2. exd5 Qxd5 3. Nc3 Qd6 4. d4 c6 5. Be3 Nf6 6. Nf3 Bg4 7. Be2 e6 8. O-O Qc7 9. Ne5 Bxe2 10. Qxe2 Bd6 11. Bf4 Nbd7 12. Rad1 O-O 13. Bg3 Rad8 14. Kh1 Rfe8 15. f4 Nd5 16. Ne4 Nxe5 17. fxe5 Bf8 18. Bh4 Rd7 19. Rf3 Ne7 20. Nd6 Ng6 21. Nxe8 Qb6 22. Bf2 Qxb2 23. h4 Qxa2 24. h5 Ne7 25. Rg3 g6 26. Nf6+ Kg7 27. Nxd7 Nf5 28. Rh3 Qd5 29.
Nf6 Qa5 30. hxg6 Nh6 31. Qe3 Be7 32. Qxh6+ Kh8 33. g7# 1-0

[Event "Betsys MČR v online bleskovém šachu 2021"]
[Site "Chess.com"]
[Date "2021.04.17"]
[Round "7"]
[White "alenka777"]
[Black "Tassa15"]
[Result "1-0"]
[WhiteElo "1288"]
[BlackElo "871"]
[TimeControl "180+1"]
[EndTime "10:11:07 PDT"]
[Termination "Uživatel alenka777 zvítězil po vzdání soupeře"]

1. e4 d5 2. exd5 Qxd5 3. Nc3 Qd6 4. Bc4 c6 5. Bb3 Nf6 6. Qf3 Bg4 7. Qe3 e6 8. f3 Bf5 9. g4 Bg6 10. d3 h6 11. Bd2 Qc7 12. O-O-O Nbd7 13. f4 Bc5 14. Qg3 O-O-O 15. Be3 Bxe3+ 16. Qxe3 a6 17. h4 Nxg4 18. Qg3 Ngf6 19. Nge2 Nc5 20. Bc4 Nh5 21. Qe3 Nf6 22. Qxc5 Ng4 23. Rhg1 Nf6 24. h5 Bh7 25. Nd4 Rd6 26.
f5 exf5 27. Nxf5 Bxf5 28. Qxf5+ Kb8 29. Rxg7 Re8 30. Rxf7 Ng8 31. Rxc7 1-0

[Event "Betsys MČR v online bleskovém šachu 2021"]
[Site "Chess.com"]
[Date "2021.04.17"]
[Round "7"]
[White "feela1"]
[Black "malviny"]
[Result "1-0"]
[WhiteElo "1385"]
[BlackElo "1162"]
[TimeControl "180+1"]
[EndTime "10:11:12 PDT"]
[Termination "Uživatel feela1 zvítězil matem"]

1. e4 e5 2. Nf3 Nc6 3. Bc4 Be7 4. O-O Nf6 5. d3 O-O 6. Nc3 d6 7. h3 Nd4 8. Nxd4 exd4 9. Ne2 c5 10. a3 a6 11. Ng3 b5 12. Ba2 Bb7 13. Bd2 Nd7 14. Qf3 Ne5 15. Qe2 Bh4 16. Nf5 g6 17. Nh6+ Kg7 18.
Nxf7 Nxf7 19. Qg4 Ne5 20. Qe6 Rf6 21. Qg8+ Qxg8 22. Bxg8 Rxg8 23. g3 Nf3+ 24. Kg2 Nxd2 25. Rfd1 Bg5 26. h4 Bh6 27. f4 Nxe4 28. dxe4 Bxe4+ 29. Kh2 Bxc2 30. Rd2 Bb3 31. Re1 Kf7 32. Rde2 Bf8 33. Re4 Bc2 34. Re8 Bf5 35. Ra8 d3 36. Ra7+ Be7 37. Raxe7+ Kf8 38. Re8+ Kf7 39. R1e7# 1-0

[Event "Betsys MČR v online bleskovém šachu 2021"]
[Site "Chess.com"]
[Date "2021.04.17"]
[Round "7"]
[White "Pekibeast"]
[Black "HonzaRubes95"]
[Result "0-1"]
[WhiteElo "1876"]
[BlackElo "2475"]
[TimeControl "180+1"]
[EndTime "10:11:16 PDT"]
[Termination "Uživatel HonzaRubes95 zvítězil po vzdání soupeře"]

1. e4 c5 2. c3 Nf6 3. e5 Nd5 4.
d4 cxd4 5. Nf3 Nc6 6. cxd4 d6 7. exd6 e6 8. Nc3 Bxd6 9. Nxd5 exd5 10. Bd3 Qe7+ 11.
Be3 O-O 12. O-O h6 13. h3 Be6 14. Re1 Rac8 15. a3 Qf6 16. Rc1 Rfe8 17. Bb1 Ne7 18. Qb3 Rxc1 19. Rxc1 Bxh3 20. Bxh6 Qxh6 21. Re1 Bg4 22.
Ne5 Qd2 23. Kf1 Bxe5 24. Rxe5 Qd1+ 25. Qxd1 Bxd1 26. Ba2 Ba4 27. Bxd5 Nxd5 28. Rxd5 Bc6 29. Rc5 Rd8 30. Ra5 a6 31. Rc5 Rxd4 32. g3 f6 33. Ke2 Kf7 34. Ke3 Rd1 35. Ke2 Rb1 36. Rc2 g5 37.
Ke3 Kg6 38. Kd4 g4 39. Ke3 Re1+ 40. Kd4 Re5 41. b4 Bf3 42. Kc4 Re2 43. Rxe2 Bxe2+ 44. Kc5 Bf3 45. a4 Kf5 46. b5 axb5 47. axb5 Ke5 48.
Kc4 Kd6 49. Kd4 Bd5 50. Ke3 Kc5 51. Kf4 Bf3 52. Kf5 Kxb5 53. Kxf6 Kc4 54. Ke5 b5 55. Kf4 b4 56. Ke3 Kc3 0-1

[Event "Betsys MČR v online bleskovém šachu 2021"]
[Site "Chess.com"]
[Date "2021.04.17"]
[Round "7"]
[White "ghostdog777"]
[Black "MrNikdo"]
[Result "0-1"]
[WhiteElo "2109"]
[BlackElo "2051"]
[TimeControl "180+1"]
[EndTime "10:11:17 PDT"]
[Termination "Uživatel MrNikdo zvítězil na čas"]

1. Nf3 Nf6 2. c4 g6 3. g3 Bg7 4.
Bg2 d5 5. O-O O-O 6. cxd5 Nxd5 7. Nc3 c6 8. Qb3 Qb6 9. Nxd5 cxd5 10. Qxd5 Be6 11. Qe4 Nc6 12. a3 Bxb2 13. Bxb2 Qxb2 14. Rfb1 Qf6 15. d3 Rac8 16. h4 Rfd8 17. Qa4 a6 18. Ng5 Nd4 19. Nxe6 Nxe2+ 20. Kf1 Nxg3+ 21.
Kg1 Ne2+ 22. Kf1 Nc3 23. Qf4 Qxe6 24. Re1 Qd7 25. d4 Qb5+ 26. Kg1 Ne2+ 27. Rxe2 Qxe2 28. Bxb7 Rc2 29. d5 Rd6 30. Bc6 Rf6 0-1

[Event "Betsys MČR v online bleskovém šachu 2021"]
[Site "Chess.com"]
[Date "2021.04.17"]
[Round "7"]
[White "Trickov"]
[Black "Dvacetsekund"]
[Result "1-0"]
[WhiteElo "2398"]
[BlackElo "2200"]
[TimeControl "180+1"]
[EndTime "10:11:19 PDT"]
[Termination "Uživatel Trickov zvítězil po vzdání soupeře"]

1. d4 d5 2. Nf3 Nf6 3. c4 c6 4. Nc3 e6 5. g3 dxc4 6. a4 Bb4 7. Bg2 c5 8. O-O O-O 9. Na2 Nc6 10. Nxb4 cxb4 11.
Qc2 Nxd4 12. Nxd4 Qxd4 13. Rd1 Qb6 14. Qxc4 Bd7 15. Be3 Qa5 16. Bxb7 Rab8 17. Qa6 Qc7 18. Bf3 Nd5 19. Rdc1 Qe5 20. Bc5 Rfc8 21. Qxa7 Bc6 22. Bd4 Ra8 23. Qxa8 1-0

[Event "Betsys MČR v online bleskovém šachu 2021"]
[Site "Chess.com"]
[Date "2021.04.17"]
[Round "7"]
[White "catanist19"]
[Black "MatyldaCZ"]
[Result "1-0"]
[WhiteElo "1733"]
[BlackElo "1401"]
[TimeControl "180+1"]
[EndTime "10:11:19 PDT"]
[Termination "Uživatel catanist19 zvítězil matem"]

1. d4 Nf6 2. c4 d6 3. Nc3 g6 4. e4 Nbd7 5. f4 Bg7 6. Nf3 O-O 7. Bd3 Re8 8. O-O e5 9. fxe5 dxe5 10. dxe5 Nxe5 11. Nxe5 Rxe5 12. Bf4 Re8 13. Bg5 Be6 14. Nd5 Bxd5 15. cxd5 Re5 16. Bf4 Re8 17. Qf3 Qd7 18.
Bg5 Ng4 19. Rab1 Ne5 20. Qe2 Nxd3 21. Qxd3 Qg4 22. Bf4 g5 23. Bxc7 Rxe4 24. Qf3 Qxf3 25. Rxf3 Re2 26. Rd3 Bxb2 27. d6 Rc2 28. d7 Rxc7 29.
d8=Q+ Rxd8 30. Rxd8+ Kg7 31. Rxb2 h6 32. Re2 Rc1+ 33.
Kf2 Rc6 34. Rd7 Rf6+ 35. Kg3 b6 36. Rf2 Rxf2 37. Kxf2 a5 38. Rd6 b5 39. Rd5 b4 40.
Rxa5 Kg6 41. Rb5 f6 42. Rxb4 Kf7 43. a4 Ke7 44. a5 Kd7 45. a6 Ke7 46. a7 Kf7 47. a8=Q Kg6 48. Qe4+ Kg7 49. Qf5 Kf7 50. Rb7+ Kf8 51. Qc8# 1-0

[Event "Betsys MČR v online bleskovém šachu 2021"]
[Site "Chess.com"]
[Date "2021.04.17"]
[Round "7"]
[White "lupinek23"]
[Black "Richter_Rudolf"]
[Result "0-1"]
[WhiteElo "1607"]
[BlackElo "1354"]
[TimeControl "180+1"]
[EndTime "10:11:22 PDT"]
[Termination "Uživatel Richter_Rudolf zvítězil matem"]

1. e4 c5 2. Nf3 Nc6 3. d4 cxd4 4. Nxd4 Nf6 5. Bc4 e5 6. Nb5 d6 7. O-O a6 8. N5c3 Be7 9. Bg5 h6 10. Bxf6 Bxf6 11. Nd5 Be6 12. Nbc3 b5 13. Bb3 Nd4 14. Ne2 Nxb3 15. axb3 O-O 16. Nxf6+ Qxf6 17. Qxd6 Rfd8 18. Qc5 Rac8 19. Qe3 Rd7 20. Rad1 Rxd1 21. Rxd1 Rxc2 22. f4 Bxb3 23. Qxb3 Rxe2 24. Rf1 Qg6 25. Qf3 Rxb2 26. fxe5 Qb6+ 27. Kh1 b4 28. Qxf7+ Kh7 29. e6 Qc6 30. e7 Qxe4 31. Qf5+ Qxf5 32. Re1 Qg5 33. g3 Qd5+ 34. Kg1 Qg2# 0-1

[Event "Betsys MČR v online bleskovém šachu 2021"]
[Site "Chess.com"]
[Date "2021.04.17"]
[Round "7"]
[White "marosino"]
[Black "EDA16"]
[Result "1-0"]
[WhiteElo "1571"]
[BlackElo "1250"]
[TimeControl "180+1"]
[EndTime "10:11:24 PDT"]
[Termination "Uživatel marosino zvítězil matem"]

1. b3 Nf6 2. Bb2 g6 3. g3 Bg7 4. Bg2 O-O 5. e3 d6 6. d4 Bf5 7.
Ne2 Nbd7 8. O-O c6 9. c4 Qb6 10. Nbc3 Rac8 11. a4 c5 12. a5 Qc7 13. dxc5 Nxc5 14.
Nd5 Nxd5 15. Bxg7 Kxg7 16. Bxd5 e6 17. Bg2 Be4 18. Qd4+ Kg8 19. Bxe4 e5 20. Qd5 Nxe4 21. Qxe4 Qc6 22. Qxc6 Rxc6 23. Rfc1 Rd8 24. b4 a6 25. b5 axb5 26. cxb5 Rxc1+ 27. Rxc1 Rb8 28. a6 b6 29. a7 Ra8 30. Rc7 Kg7 31. Rb7 h5 32. Nc3 Kf6 33. Nd5+ Ke6 34. Nxb6 Re8 35. a8=Q Rxa8 36. Nxa8 Kd5 37.
b6 Kc6 38. Rxf7 d5 39. b7 d4 40. exd4 exd4 41. b8=Q d3 42. Qd8 d2 43. Rc7+ Kb5 44.
Qb8+ Ka5 45. Ra7# 1-0

[Event "Betsys MČR v online bleskovém šachu 2021"]
[Site "Chess.com"]
[Date "2021.04.17"]
[Round "7"]
[White "Millbo64"]
[Black "Adam20032007"]
[Result "1-0"]
[WhiteElo "1996"]
[BlackElo "1711"]
[TimeControl "180+1"]
[EndTime "10:11:25 PDT"]
[Termination "Uživatel Millbo64 zvítězil po vzdání soupeře"]

1. e4 e6 2. f4 d5 3. exd5 exd5 4. Nf3 Nf6 5. d4 Bd6 6. c3 O-O 7. Be2 Bf5 8. O-O Nc6 9. Ne5 Ne4 10. Nd2 f6 11. Nxc6 bxc6 12. Nxe4 Bxe4 13. Be3 Re8 14. Qd2 Qe7 15. Bf3 Qf7 16. Rae1 Re7 17. b4 Rae8 18.
Bxe4 Rxe4 19. g3 R8e7 20. Bf2 Rxe1 21. Rxe1 Rxe1+ 22. Qxe1 Qe7 23. Qxe7 Bxe7 24. f5 Bd6 25. g4 Kf7 26. h3 h6 27. Kg2 Bf4 28. Be1 Ke7 29.
Kf3 Bd6 30. Ke2 Kf7 31. Kd3 Bf4 32. c4 Ke7 33. a4 Kd6 34. b5 cxb5 35. axb5 c5 36.
dxc5+ Kxc5 37. Bf2+ Kd6 38. Bxa7 dxc4+ 39. Kxc4 Kc7 40.
Bc5 Bg5 41. Bf8 Kb6 42. Bxg7 Kc7 43. Bf8 Kb6 44. Bc5+ Kc7 45. Kd5 Bf4 46. Ke6 Bg5 47.
Bd4 Bf4 48. Kxf6 Bg5+ 49. Kg6 Kd7 50. f6 Ke6 51. f7 Be7 52. b6 Bd6 53. b7 Ke7 54.
b8=Q Bxb8 55. Bc5+ Ke6 56. f8=Q Be5 57. Qe7+ Kd5 58.
Be3 h5 59. gxh5 Bg3 60. h6 1-0

[Event "Betsys MČR v online bleskovém šachu 2021"]
[Site "Chess.com"]
[Date "2021.04.17"]
[Round "7"]
[White "lockerbieQ"]
[Black "jarda1955"]
[Result "0-1"]
[WhiteElo "1734"]
[BlackElo "1994"]
[TimeControl "180+1"]
[EndTime "10:11:25 PDT"]
[Termination "Uživatel jarda1955 zvítězil po vzdání soupeře"]

1. e4 c5 2. Nf3 d6 3. d4 cxd4 4. Nxd4 Nf6 5. Nc3 a6 6. Be3 e5 7.
Nb3 Be7 8. f3 h5 9. Qd2 Be6 10.
Nd5 Nxd5 11. exd5 Bf5 12. O-O-O Nd7 13. Bd3 Bxd3 14. Qxd3 Rc8 15. Kb1 Qc7 16. f4 Qc4 17.
Qd2 O-O 18. Rhg1 exf4 19. Bxf4 Nf6 20. c3 Rfe8 21. Rgf1 Ne4 22. Qd3 Bf8 23. Qxc4 Rxc4 24. Nd4 g6 25. h3 Rcc8 26. g4 hxg4 27. hxg4 Nc5 28. Bg3 Re4 29. g5 Rg4 30. Bf4 Re8 31.
Bc1 Re5 32. Rf2 Ne4 33. Rh2 Nxg5 34. Rdh1 Bg7 35. Nf3 Nxf3 0-1

[Event "Betsys MČR v online bleskovém šachu 2021"]
[Site "Chess.com"]
[Date "2021.04.17"]
[Round "7"]
[White "jachym08"]
[Black "Varinius"]
[Result "1-0"]
[WhiteElo "2236"]
[BlackElo "2421"]
[TimeControl "180+1"]
[EndTime "10:11:26 PDT"]
[Termination "Uživatel jachym08 zvítězil po vzdání soupeře"]

1. d4 Nf6 2. c4 c5 3. d5 b5 4. cxb5 a6 5. Nc3 axb5 6. e4 b4 7. Nb5 d6 8. Bf4 g5 9. Bxg5 Nxe4 10. Bf4 Bf5 11. Bd3 Qb6 12. Qe2 c4 13. Bxe4 Bxe4 14. Nxd6+ exd6 15. Qxe4+ Kd8 16. Nf3 Nd7 17. O-O Rg8 18. Qxh7 Rg7 19. Qh4+ Kc7 20. Rac1 Nc5 21. Rxc4 Rxa2 22. Rxc5+ Qxc5 23. Rc1 Qxc1+ 24. Bxc1 Ra1 25. Qc4+ Kd7 26. Qc6+ Ke7 27. g3 Kf6 28. Kg2 Be7 29.
Qc7 Bf8 30. Be3 Ra8 31. Bd4+ 1-0

[Event "Betsys MČR v online bleskovém šachu 2021"]
[Site "Chess.com"]
[Date "2021.04.17"]
[Round "7"]
[White "BRNOTEACHER"]
[Black "Dasty78"]
[Result "1-0"]
[WhiteElo "2340"]
[BlackElo "2015"]
[TimeControl "180+1"]
[EndTime "10:11:26 PDT"]
[Termination "Uživatel BRNOTEACHER zvítězil po vzdání soupeře"]

1. d4 Nf6 2. c4 c5 3. d5 e6 4.
Nc3 exd5 5. cxd5 d6 6. e4 g6 7.
f4 Bg7 8. Bb5+ Nfd7 9. Bd3 O-O 10. Nf3 Na6 11. O-O Nc7 12. f5 Ne5 13. Nxe5 Bxe5 14.
Bf4 f6 15. fxg6 hxg6 16. Bxe5 fxe5 17. Rxf8+ Qxf8 18. Qd2 Qg7 19. Rf1 Bd7 20. Qg5 Rf8 21. Rxf8+ Kxf8 22. Qd8+ Ne8 23. Nb5 Bxb5 24. Bxb5 Qe7 25.
Qb8 a6 26. Bxe8 Qxe8 27. Qxd6+ Qe7 28. Qxg6 c4 29. Qb6 Qh4 30. Qf2+ Qxf2+ 31. Kxf2 b5 32. Ke3 a5 33. Kd2 b4 34. Kc2 1-0

[Event "Betsys MČR v online bleskovém šachu 2021"]
[Site "Chess.com"]
[Date "2021.04.17"]
[Round "7"]
[White "Ehlundi"]
[Black "Marcus_Aurelius_CZ"]
[Result "1-0"]
[WhiteElo "1759"]
[BlackElo "1406"]
[TimeControl "180+1"]
[EndTime "10:11:26 PDT"]
[Termination "Uživatel Ehlundi zvítězil na čas"]

1. e4 e6 2. Nf3 d5 3. exd5 exd5 4. d4 Nc6 5. Bd3 Bd6 6. O-O Nge7 7. Bg5 f6 8. Bh4 Bg4 9. h3 Bh5 10. c3 Qd7 11.
Nbd2 O-O-O 12. Bb5 g5 13. Bg3 Bxg3 14. fxg3 g4 15.
hxg4 Bxg4 16. Qe2 Rdg8 17. Rae1 Re8 18. Qf2 f5 19. Ne5 Qd6 20. Nf7 Qg6 21. Nxh8 Rxh8 22.
Nf3 h5 23. Nh4 Qd6 24. Qf4 Qd7 25. Bxc6 Nxc6 26. Re3 Ne7 27. Rfe1 Re8 28. Qe5 Kd8 29. Qf6 f4 30. Re5 fxg3 31. Ng6 Kc8 32. Nxe7+ Rxe7 33. Rxe7 1-0

[Event "Betsys MČR v online bleskovém šachu 2021"]
[Site "Chess.com"]
[Date "2021.04.17"]
[Round "7"]
[White "horalek"]
[Black "rakintsev"]
[Result "0-1"]
[WhiteElo "1345"]
[BlackElo "1745"]
[TimeControl "180+1"]
[EndTime "10:11:26 PDT"]
[Termination "Uživatel rakintsev zvítězil matem"]

1. d4 d5 2. Bf4 Nf6 3. e3 c6 4. c3 Bf5 5. Bd3 Bg6 6. Nf3 e6 7. O-O Be7 8. h3 Qb6 9. Bxg6 hxg6 10. Qc2 Ne4 11. Nbd2 f5 12. Ne5 g5 13. Bh2 Nf6 14. Rab1 Nbd7 15. Ng6 Rh6 16. Nxe7 Kxe7 17. f4 g4 18. g3 Rxh3 19. Rf2 Rah8 20. c4 a6 21. c5 Qd8 22. Re1 Qa5 23. b3 Ne4 24. Nxe4 Qxe1+ 25. Rf1 Qxe3+ 26. Qf2 Qxe4 27. Re1 Qf3 28. Qxf3 gxf3 29.
Rf1 Rxh2 30. a3 Rg2# 0-1

[Event "Betsys MČR v online bleskovém šachu 2021"]
[Site "Chess.com"]
[Date "2021.04.17"]
[Round "7"]
[White "jonasstach"]
[Black "Zavurka1975"]
[Result "1/2-1/2"]
[WhiteElo "2013"]
[BlackElo "2207"]
[TimeControl "180+1"]
[EndTime "10:11:27 PDT"]
[Termination "Remíza opakováním pozice"]

1. d4 Nf6 2. Bf4 d6 3. c3 Nbd7 4. Nf3 g6 5. e3 Bg7 6. Be2 O-O 7. O-O b6 8. h3 Bb7 9. Nbd2 Ne4 10. Nxe4 Bxe4 11. Nd2 Bb7 12. a4 e5 13. Bg3 a6 14.
Bf3 Qc8 15. Bxb7 Qxb7 16. Qf3 Qxf3 17. Nxf3 Rfe8 18. dxe5 Nxe5 19. Nxe5 Bxe5 20. Bxe5 dxe5 21. Rfd1 Rad8 22. Kf1 Kf8 23. Ke2 Ke7 24. g4 f5 25.
c4 a5 26. Rac1 c5 27. gxf5 gxf5 28. Rg1 Rg8 29. Rcd1 Rxg1 30. Rxg1 Kf6 31. h4 e4 32.
f3 exf3+ 33. Kxf3 Rd2 34. Rg2 Rxg2 35. Kxg2 Ke5 36. Kf3 h5 37. b3 Ke6 38. Kf4 Kf6 39. e4 fxe4 40. Kxe4 Ke6 41. Kf4 Kf6 42. Ke4 Ke6 43.
Kf4 Kf6 44. Ke4 1/2-1/2

[Event "Betsys MČR v online bleskovém šachu 2021"]
[Site "Chess.com"]
[Date "2021.04.17"]
[Round "7"]
[White "BrunoT2"]
[Black "kubajss"]
[Result "0-1"]
[WhiteElo "1144"]
[BlackElo "891"]
[TimeControl "180+1"]
[EndTime "10:11:28 PDT"]
[Termination "Uživatel kubajss zvítězil po vzdání soupeře"]

1. e4 e5 2. Nf3 Nc6 3. Bc4 Bc5 4. Nc3 d6 5. d3 Bg4 6. h3 Bh5 7. O-O Nf6 8. Bg5 h6 9. Bh4 g5 10. Bg3 g4 11. hxg4 Nxg4 12. Bh4 f6 13. Be6 Qe7 14.
Bxg4 Bxg4 15. Nd5 Qg7 16. Bxf6 Qg6 17. Bxh8 O-O-O 18. Bf6 Rg8 19. Ne7+ Nxe7 20. Bxe7 Bh3 21. g3 Bxf1 22. Kxf1 Bxf2 23. Kxf2 Qxg3+ 24. Ke3 Qf4+ 25. Ke2 Rg2+ 26. Ke1 Qe3+ 0-1

[Event "Betsys MČR v online bleskovém šachu 2021"]
[Site "Chess.com"]
[Date "2021.04.17"]
[Round "7"]
[White "TerezaRodshtein"]
[Black "8_olda_8"]
[Result "1-0"]
[WhiteElo "2168"]
[BlackElo "1795"]
[TimeControl "180+1"]
[EndTime "10:11:32 PDT"]
[Termination "Uživatel TerezaRodshtein zvítězil na čas"]

1. e4 e6 2. d4 c5 3. Nf3 cxd4 4. Nxd4 a6 5. Bd3 Qc7 6. O-O Nf6 7. Be3 b5 8. f4 Bb7 9. Nd2 Bc5 10. c3 d6 11. Qe2 Nbd7 12. Rae1 g6 13. Kh1 e5 14.
N4f3 Ng4 15. Bxc5 Qxc5 16. Ng5 Ngf6 17. fxe5 dxe5 18. a4 b4 19. Bc4 O-O 20. Nb3 Qe7 21.
Na5 Nb6 22. Nxb7 Nxc4 23. Qxc4 Ng4 24. Nf3 Qxb7 25. h3 Nf6 26. Nxe5 Qe7 27. Nc6 1-0

[Event "Betsys MČR v online bleskovém šachu 2021"]
[Site "Chess.com"]
[Date "2021.04.17"]
[Round "7"]
[White "p_kana"]
[Black "phil3"]
[Result "0-1"]
[WhiteElo "1790"]
[BlackElo "2137"]
[TimeControl "180+1"]
[EndTime "10:11:32 PDT"]
[Termination "Uživatel phil3 zvítězil matem"]

1. e4 e5 2. Nf3 Nf6 3. Nxe5 Nxe4 4. Qe2 Qe7 5. Qxe4 d6 6. d4 dxe5 7. dxe5 Nc6 8. Bb5 Bd7 9. Bf4 g5 10. Bg3 f5 11. Qe2 f4 12. Qh5+ Qf7 13. Qxg5 fxg3 14. hxg3 Bc5 15. O-O Rg8 16. Qh4 Rg4 17. e6 Bxe6 18.
Qh6 O-O-O 19. Nc3 Qg6 20. Qxg6 Rxg6 21. Ne4 Bb6 22. c4 a6 23. Bxc6 bxc6 24. b3 Bf5 25.
Nc3 Rdg8 26. g4 Rxg4 27. c5 Rxg2+ 28. Kh1 Bxc5 29. Rae1 Bd6 30. f4 Rc2 31. Ne4 Bxe4+ 32. Rxe4 Rgg2 33. Rc1 Rh2+ 34. Kg1 Bc5+ 35. Kf1 Rh1# 0-1

[Event "Betsys MČR v online bleskovém šachu 2021"]
[Site "Chess.com"]
[Date "2021.04.17"]
[Round "7"]
[White "Kokos3"]
[Black "Hapinka"]
[Result "1-0"]
[WhiteElo "1556"]
[BlackElo "1825"]
[TimeControl "180+1"]
[EndTime "10:11:32 PDT"]
[Termination "Uživatel Kokos3 zvítězil po vzdání soupeře"]

1. e4 e5 2. Nf3 Nc6 3. Bc4 Bc5 4. O-O Nf6 5. Nc3 O-O 6. d3 h6 7. a3 d6 8. h3 Be6 9. Bxe6 fxe6 10. b4 Bb6 11. Na4 Qe8 12. Nxb6 axb6 13. Bb2 Nh5 14. d4 exd4 15. Nxd4 Nxd4 16. Bxd4 e5 17. Be3 Nf4 18. Bxf4 Rxf4 19. Qd5+ Kh8 20. Qxb7 Rb8 21. Qxc7 Rc8 22. Qxd6 Rxc2 23. Qxb6 Rxe4 24. Rae1 Ree2 25. Rxe2 Rxe2 26. Rd1 Kh7 27. Qd8 Qg6 28. Qd5 e4 29. a4 e3 30.
fxe3 Rxe3 31. a5 Re2 32. b5 Qf6 33. Qd3+ 1-0

[Event "Betsys MČR v online bleskovém šachu 2021"]
[Site "Chess.com"]
[Date "2021.04.17"]
[Round "7"]
[White "PaulS_CR"]
[Black "Federer302"]
[Result "1/2-1/2"]
[WhiteElo "1845"]
[BlackElo "1603"]
[TimeControl "180+1"]
[EndTime "10:11:32 PDT"]
[Termination "Remíza opakováním pozice"]

1. Nf3 Nf6 2. c4 e6 3. e3 b6 4. Nc3 Bb7 5. Be2 Bb4 6. O-O Bxc3 7. dxc3 O-O 8. b3 d6 9. Nd4 e5 10. Nf5 Nbd7 11. a4 Nc5 12. Bb2 Qd7 13. Ng3 a5 14. Ba3 Rad8 15. Qc2 Nfe4 16. Bf3 Nxg3 17. hxg3 Bxf3 18.
gxf3 f5 19. f4 e4 20. Bxc5 dxc5 21. Rad1 Qe7 22. Qe2 Rxd1 23. Rxd1 Rd8 24. Rd2 Rd6 25. Rd5 Qd7 26. Qd1 Rxd5 27. cxd5 c6 28. c4 cxd5 29. cxd5 Kf7 30. Kg2 g6 31. Qd2 Qd6 32. Qd1 Qd7 33. Kh3 Qd6 34. Qd2 Qd7 35. Kg2 Qd6 36.
Qd1 Qd7 1/2-1/2

[Event "Betsys MČR v online bleskovém šachu 2021"]
[Site "Chess.com"]
[Date "2021.04.17"]
[Round "7"]
[White "KarelZalesky"]
[Black "KatkaZ"]
[Result "1-0"]
[WhiteElo "1838"]
[BlackElo "1849"]
[TimeControl "180+1"]
[EndTime "10:11:34 PDT"]
[Termination "Uživatel KarelZalesky zvítězil na čas"]

1. e4 c5 2. Nf3 e6 3. d4 cxd4 4.
Nxd4 a6 5. Nc3 Qc7 6. Be2 Nf6 7.
O-O Bb4 8. Qd3 d6 9. Bd2 Bc5 10. Nb3 Ba7 11. Be3 b6 12. Rad1 Bb7 13. Qxd6 Qxd6 14. Rxd6 Nxe4 15. Nxe4 Bxe4 16. c4 Nd7 17. Rfd1 Nf6 18. Bxb6 Bxb6 19. Rxb6 O-O 20. f3 Bg6 21.
Rdd6 a5 22. Nc5 Rfc8 23. Rdc6 h6 24. Rxc8+ Rxc8 25. Rb5 Ra8 26. b3 Ne8 27. Nb7 Nc7 28.
Rxa5 Rb8 29. Nc5 Kf8 30. Nd7+ 1-0

[Event "Betsys MČR v online bleskovém šachu 2021"]
[Site "Chess.com"]
[Date "2021.04.17"]
[Round "7"]
[White "Bagr92"]
[Black "EXTREME_STRATEGY007"]
[Result "0-1"]
[WhiteElo "1522"]
[BlackElo "1239"]
[TimeControl "180+1"]
[EndTime "10:11:35 PDT"]
[Termination "Uživatel EXTREME_STRATEGY007 zvítězil na čas"]

1. e4 c5 2. Nc3 e6 3. f4 Nc6 4.
Nf3 Nge7 5. d4 cxd4 6. Nxd4 d5 7. Be3 Nxd4 8. Bxd4 Nc6 9. exd5 exd5 10. Bb5 Bb4 11.
O-O O-O 12. Bd3 Nxd4 13. Qh5 g6 14. Qh6 Bf5 15. Rad1 Bxd3 16. Rxd3 Bxc3 17. Rxc3 Nf5 18. Qh3 Qb6+ 19. Kh1 Qxb2 20. g4 Ng7 21. f5 Qb5 22. f6 Ne6 23. Rcf3 Rfc8 24. Re1 h5 25. gxh5 Ng5 26. Qg3 Nxf3 27. Qxf3 Qc6 28. hxg6 d4 29. Re4 Re8 30. gxf7+ Kxf7 31. Qh5+ Kxf6 32. Qh6+ Kf5 33. Qh7+ Kg5 34. Qg7+ Kh5 0-1

[Event "Betsys MČR v online bleskovém šachu 2021"]
[Site "Chess.com"]
[Date "2021.04.17"]
[Round "7"]
[White "KajaOl"]
[Black "Innerz98"]
[Result "0-1"]
[WhiteElo "2281"]
[BlackElo "2125"]
[TimeControl "180+1"]
[EndTime "10:11:36 PDT"]
[Termination "Uživatel Innerz98 zvítězil po vzdání soupeře"]

1. e4 e5 2. Nf3 Nf6 3. Nxe5 d6 4.
Nf3 Nxe4 5. d4 d5 6. Bd3 Be7 7. O-O Nc6 8. c4 Nb4 9. Be2 O-O 10. Nc3 Nf6 11. a3 Nc6 12. c5 a5 13. b3 Bf5 14. Be3 Ng4 15. Bf4 Nf6 16. h3 Ne4 17. Rc1 Bf6 18. Be3 Re8 19. Nb5 Qd7 20. Bf4 Rac8 21. Bd3 Ne7 22. b4 axb4 23. axb4 Ng6 24. Bh2 Nh4 25. Nxh4 Bxh4 26. Rc2 Re6 27. Re2 Rg6 28.
Kh1 Bxh3 29. Bxe4 dxe4 30. gxh3 Qxh3 31. f4 exf3 32. Rd2 Rg2 0-1